 Dungeon Crawl Stone Soup version 0.29.0-13-gc9e81de378 (webtiles) character file.

Game seed: 1140712142153834237

1847 mtoz the Trooper (level 9, -7/84 HPs)
             Began as a Gargoyle Berserker on Sept 7, 2022.
             Was a Priest of Trog.
             Mangled by an orc warrior
             ... wielding a +0 long sword
              (10 damage)
             ... on level 7 of the Dungeon on Sept 8, 2022.
             The game lasted 00:20:01 (6940 turns).

mtoz the Trooper (Gargoyle Berserker)               Turns: 6940, Time: 00:20:02

Health: -7/84      AC: 19    Str: 24    XL:     9   Next: 12%
Magic:  9/9        EV:  8    Int:  9    God:    Trog [***...]
Gold:   317        SH:  0    Dex:  9    Spells: 8/8 levels left

rFire   . . .      SeeInvis .   t - +1 war axe (freeze)
rCold   . . .      Faith    .   (no shield)
rNeg    + . .      Spirit   .   l - +0 plate armour
rPois   ∞          Reflect  .   (no helmet)
rElec   +          Harm     .   (no cloak)
rCorr   +          Rampage  .   (no gloves)
Will    .....                   (no boots)
Stlth   ..........              E - amulet of the acrobat
HPRegen 0.24/turn               u - ring of resist corrosion
MPRegen 0.11/turn               (no ring)

@: berserking, weak-willed, very quick
A: sickness immunity, AC +6, negative energy resistance 1, electricity
resistance, torment resistance 1, petrification resistance
a: Renounce Religion, Berserk, Trog's Hand


You were on level 7 of the Dungeon.
You worshipped Trog.
Trog was most pleased with you.
You visited 1 branch of the dungeon, and saw 7 of its levels.

You collected 317 gold pieces.

Inventory:

Hand Weapons
 a - a +0 hand axe
 j - a +0 spear
 s - a +0 flail
 t - a +1 war axe of freezing (weapon)
 z - a +1 vorpal flail
Missiles
 b - 45 stones (quivered)
 g - a boomerang
 k - 4 poisoned darts
 r - 4 curare-tipped darts
Armour
 l - a +0 plate armour (worn)
Jewellery
 u - a ring of resist corrosion (left hand)
 E - an amulet of the acrobat (around neck)
Scrolls
 c - 3 scrolls of teleportation
 n - a scroll of enchant weapon
 q - a scroll of torment {unknown}
 w - a scroll of blinking {unknown}
 y - 2 scrolls of brand weapon
 D - a scroll of vulnerability
 F - a scroll of magic mapping {unknown}
Potions
 d - 2 potions of mutation
 e - 4 potions of curing {unknown}
 i - 2 potions of might {unknown}
 o - a potion of brilliance {unknown}
 p - 2 potions of attraction {unknown}
 v - a potion of degeneration {unknown}
 x - a potion of lignification {unknown}
 A - a potion of resistance {unknown}
 B - a potion of flight {unknown}
 C - a potion of haste


   Skills:
 + Level 6.9 Fighting
 + Level 5.7 Axes
 - Level 2.1 Ranged Weapons
 + Level 4.3 Throwing
 + Level 6.3 Armour
 + Level 4.8 Dodging


You had 8 spell levels left.
You didn't know any spells.
Your spell library was empty.

Dungeon Overview and Level Annotations

Branches:
Dungeon (7/15)             Temple (0/1) D:6

Altars:
Cheibriados
Dithmenos
Gozag


Innate Abilities, Weirdness & Mutations

You are immune to sickness and miasma.
Your stone body is resilient. (AC +6)
You are immune to poison.
You resist negative energy. (rN+)
You are resistant to electric shocks. (rElec)
You are resistant to unholy torment.
You are immune to petrification.


Message History

You hit the orc. You freeze the orc. You hit the orc warrior.
You freeze the orc warrior.
The orc wizard points at you and mumbles some strange words.
You resist with some effort. The orc hits you but does no damage.
The orc warrior hits you with a +0 long sword.
You closely miss the orc wizard.
The orc wizard is almost dead.
You barely miss the orc warrior. You closely miss the orc.
The orc wizard hits you but does no damage.
The orc hits you with a +0 hand axe.
The orc warrior hits you with a +0 long sword!
You are too injured to fight recklessly!
You slash the orc wizard! You freeze the orc wizard.
You kill the orc wizard!
Trog accepts your kill.
Trog appreciates your killing of a magic user.
You closely miss the orc. You closely miss the orc warrior.
The orc barely misses you. The orc warrior barely misses you.
You closely miss the orc.
The orc is almost dead.
You barely miss the orc warrior. The orc hits you but does no damage.
The orc warrior barely misses you.
You slash the orc! You freeze the orc.
You kill the orc!
Trog accepts your kill.
You closely miss the orc warrior.
The orc warrior hits you with a +0 long sword! x2
* * * LOW HITPOINT WARNING * * *
You hit the orc warrior. You freeze the orc warrior.
The orc warrior is almost dead.
The orc warrior hits you with a +0 long sword.
* * * LOW HITPOINT WARNING * * *
A red film seems to cover your vision as you go berserk!
You feel yourself moving faster!
You feel mighty!
The orc warrior hits you with a +0 long sword!
* * * LOW HITPOINT WARNING * * *
You hit the orc warrior but do no damage.
The orc warrior is almost dead.
The orc warrior hits you with a +0 long sword!
You die...

......... .....
... # .
...#..... .#..
........# #....
......#........
#.......#.....#
#.......<...#
.......@o...#
.....$)))......
###............
#............
#............
#............
##..........#
..........##


You could see an orc warrior.

Vanquished Creatures
  A shadow (D:6)
  Edmund (D:4)
  A water moccasin (D:5)
  An orc warrior (D:6)
  A black bear (D:5)
  An ice beast (D:5)
  An ogre (D:4)
  A centaur (D:6)
  A phantom (D:5)
  A necrophage (D:6)
  A bullfrog (D:6)
  2 scorpions (D:4)
  A howler monkey (D:6)
  An iron imp (D:4)
  A jelly (D:4)
  3 orc priests (D:6)
  3 hounds (D:5)
  A gnoll bouda (D:6)
  2 iguanas
  Terence (D:2)
  6 orc wizards
  4 gnolls
  4 adders
  2 shadow imps
  3 worms
  2 dart slugs
  21 orcs
  9 endoplasms
  2 giant cockroaches
  9 goblins
  5 hobgoblins
  3 jackals (D:4)
  4 quokkas
  13 ball pythons
  4 bats
  4 frilled lizards
  2 kobolds
  6 rats
129 creatures vanquished.

Notes
Turn   | Place    | Note
-------+----------+-------------------------------------------
     0 | D:1      | mtoz the Gargoyle Berserker began the quest for the Orb.
     0 | D:1      | Reached XP level 1. HP: 14/14 MP: 1/1
   129 | D:1      | Found a faded altar of an unknown god.
   369 | D:1      | Reached XP level 2. HP: 8/20 MP: 2/2
   398 | D:1      | Reached XP level 3. HP: 6/25 MP: 3/3
  1526 | D:1      | Reached ** piety under Trog
  1955 | D:2      | Reached XP level 4. HP: 30/30 MP: 4/4
  2040 | D:2      | Reached skill level 5 in Fighting
  2320 | D:2      | Noticed Terence
  2329 | D:2      | Killed Terence
  2480 | D:2      | Identified the +1 ring mail "Xoli" {rPois}
  2908 | D:3      | Reached XP level 5. HP: 33/35 MP: 5/5
  3344 | D:3      | Reached skill level 1 in Ranged Weapons
  3816 | D:4      | Reached XP level 6. HP: 40/40 MP: 6/6
  3853 | D:4      | Reached *** piety under Trog
  4023 | D:4      | Noticed Edmund
  4033 | D:4      | Killed Edmund
  4135 | D:4      | Reached XP level 7. HP: 43/44 MP: 7/7
  4149 | D:4      | Found a snail-covered altar of Cheibriados.
  4201 | D:4      | Reached skill level 5 in Armour
  4772 | D:5      | Entered Level 5 of the Dungeon
  5102 | D:5      | Reached XP level 8. HP: 23/51 MP: 8/8
  5284 | D:5      | Reached skill level 5 in Axes
  5294 | D:5      | Found an opulent altar of Gozag.
  5344 | D:5      | Found a shadowy altar of Dithmenos.
  6372 | D:6      | Noticed a shadow
  6380 | D:6      | Killed a shadow
  6430 | D:6      | Reached XP level 9. HP: 54/56 MP: 9/9
  6557 | D:6      | Found a staircase to the Ecumenical Temple.
  6939 | D:7      | HP: 2/84 [orc warrior/+0 long sword (8)]
  6940 | D:7      | Mangled by an orc warrior

Illustrated notes

Levels and vault maps discovered:
D:1:      kennysheep_arrival_seaside, layout_basic,
          nicolae_ecumenical_snake_handling
D:2:      layout_basic, uniq_terence
D:3:      layout_basic
D:4:      layout_rooms, slow_altar_2, uniq_edmund
D:5:      layout_gridville, lemuel_coloured_pillars_altar,
          nicolae_dithmenos_shadow_blocks, columned_hall_lemuel
D:6:      layout_basic, minmay_temple_entry_tees
D:7:      layout_rooms, xom_confusion_cloud

Skill      XL: |  1  2  3  4  5  6  7  8 |
---------------+-------------------------+-----
Fighting       | 4 5 6 |  6.9
Axes           | 4 5 |  5.7
Throwing       | 2 3 4 |  4.3
Armour         | 4 5 6 |  6.3
Dodging        | 3 4 |  4.8
Ranged Weapons | 1 2 |  2.1

Action                   |  1- 3 |  4- 6 |  7- 9 || total
-------------------------+-------+-------+-------++-------
Melee: Hand axe          |   103 |    67 |       ||   170
       Punch             |       |     2 |     2 ||     4
       War axe           |       |   112 |   226 ||   338
Throw: Stone             |       |       |    12 ||    12
Invok: Berserk           |       |     1 |     6 ||     7
       Trog's Hand       |       |     1 |     4 ||     5
  Use: Potion            |     1 |       |       ||     1
       Scroll            |       |     4 |     5 ||     9
Armor: Animal skin       |    13 |       |       ||    13
       Ring mail         |    11 |       |       ||    11
       Plate armour      |     6 |   147 |   225 ||   378
       Skin              |     2 |       |       ||     2
Dodge: Dodged            |    92 |    84 |    90 ||   266
